 Dungeon Crawl Stone Soup version 0.27.0-1-g7a089689b8 (webtiles) character file.

Game seed: 17621422838621439823

375 Sobieck the Ruffian (level 6, -2/52 HPs)
             Began as a Ghoul Gladiator on Aug 3, 2021.
             Was a Plaything of Xom.
             Slain by Pikel (6 damage)
             ... on level 5 of the Dungeon.
             The game lasted 00:08:37 (4847 turns).

Sobieck the Ruffian (Ghoul Gladiator)               Turns: 4847, Time: 00:08:38

Health: -2/52      AC:  4    Str: 20    XL:     6   Next: 72%
Magic:  5/5        EV: 12    Int:  3    God:    Xom [...*..]
Gold:   36         SH:  0    Dex: 10    Spells: 5/5 levels left

rFire    . . .     SeeInvis .     - Unarmed
rCold    + . .     Faith    .   (no shield)
rNeg     + + +     Spirit   .   a - +0 leather armour
rPois    ∞         Reflect  .   b - +0 helmet
rElec    .         Harm     .   (no cloak)
rCorr    .         Rampage  .   (no gloves)
Will     .....                  (no boots)
Stlth    +.........             r - amulet of the acrobat
HPRegen  0.00/turn              (no ring)
MPRegen  0.09/turn              (no ring)

@: inhibited regen
A: claws 1, cold resistance 1, negative energy resistance 3, inhibited
regeneration, torment resistance 2
a: Renounce Religion


You were on level 5 of the Dungeon.
You worshipped Xom.
You were a favourite toy of Xom.
You visited 1 branch of the dungeon, and saw 5 of its levels.

You collected 141 gold pieces.
You spent 105 gold pieces at shops.


Innate Abilities, Weirdness & Mutations

You thrive by killing the living.
You are immune to poison.
You have sharp fingernails.
Your flesh is cold resistant. (rC+)
You are immune to negative energy. (rN+++)
You do not regenerate when monsters are visible.
You are immune to unholy pain and torment.


   Skills:
 + Level 4.1 Fighting
 - Level 1.7 Throwing
 + Level 4.0 Dodging
 * Level 6.1 Unarmed Combat


You had 5 spell levels left.
You didn't know any spells.
Your spell library contained the following spells:

 Spells                   Type           Power      Damage    Failure   Level
 Inner Flame              Hex/Fire       0%         N/A       91%         3
 Cause Fear               Hex            0%         N/A       100%        4
 Discord                  Hex            0%         N/A       100%        8
 Dragon's Call            Summ           0%         N/A       100%        9
 Dragon Form              Tmut           Unusable   N/A       N/A         7

Inventory:

Missiles
 c - 3 throwing nets (quivered) {=f!fthrowing}
 d - 48 sling bullets
 e - 108 stones {throwing}
 n - 20 bolts
 o - 52 arrows
 p - 17 poisoned darts {throwing}
Armour
 a - a +0 leather armour (worn)
 b - a +0 helmet (worn)
Jewellery
 r - an amulet of the acrobat (around neck)
   (You bought it in a shop on level 2 of the Dungeon)
Scrolls
 f - 5 scrolls of identify {unknown}
 g - 2 scrolls of acquirement {unknown}
 h - 2 scrolls of enchant armour {unknown}
 k - a scroll of noise {unknown}
 l - 2 scrolls of teleportation {unknown}
 m - a scroll of fog {unknown}
 s - a scroll of blinking {unknown}
 t - a scroll of fear {unknown}
 w - a scroll of amnesia {unknown}
Potions
 i - a potion of cancellation {unknown}
 j - a potion of might {unknown}
 q - a potion of brilliance {unknown}
 u - a potion of lignification {unknown}
 v - a potion of degeneration {unknown}

Dungeon Overview and Level Annotations

Branches:
Dungeon (5/15)
 Temple: D:4-7

Altars:
Dithmenos
Gozag
Xom
The Shining One

Shops:
D:2 *([!   D:4 **

Annotations:
D:5 Pikel

* ** ** ** **, ,
*,** , ,, , * *
*** ** ####*,*,*
* #..,,,, *
*########b#* * *
* ,..5555Kb.#
*.# *** *, ***
**#@b# *.# * *
#bb# .#
**######b.###.#
,**......bb#..[#
........b..# * *
.#####.##..# ,*
#b##b.#######
**,*
#.##........# *,
*, #.##.######.#


You could see Pikel and 4 lemures.


Message History

The howler monkey hoots and howls with incredible vigour!
You scratch the howler monkey.
You kill the howler monkey!
Your Dodging skill increases to level 4!
Your Unarmed Combat skill increases to level 6!
No target in view!
There is an open door here.
There is an open door here.
You see here a +0 ring mail.
You see here a +0 club {mace}.
Things that are here:
a +0 whip {mace}; a +0 halberd {polearm} You pick up a book of the Dragon and begin reading...
You add the spell Dragon's Call to your library.
Xom makes a sudden noise!
You hear a rumbling sound.
Unknown command.
There is an open door here.
Done exploring.
(D) Dungeon
Where to? (Enter - D:4, ? - help)
There is an open door here.
There is a stone staircase leading down here.
You climb downwards.
There is a stone staircase leading up here.
Found an escape hatch in the floor.
Found a glowing falchion.
Unknown command.
A hound comes into view.
The hound barks!
You see here a +0 falchion of holy wrath {long}.
Danger!
The hound misses you. x2
You closely miss the hound. The hound bites you.
You scratch the hound but do no damage. You claw the hound!
The hound bites you but does no damage.
You scratch the hound. The hound bites you but does no damage.
The hound bites you.
You closely miss the hound. The hound closely misses you.
You claw the hound!
You kill the hound!
No target in view!
Xom smirks.
You feel aware of your surroundings.
You are now a beloved toy of Xom.
Unknown command. "Just a minor improvement..."
Unknown command.
Pikel the Slaver comes into view.
He is wielding a +2 whip of flaming.
Danger!
Pikel completely misses your butterfly.
You swap places. 3 lemures come into view.
The lemure shouts!
Pikel hits you with a +2 whip of flaming.
Pikel burns you.
You closely miss Pikel. Pikel barely misses you.
You completely miss Pikel. Pikel misses you.
You barely miss Pikel.
Pikel hits you with a +2 whip of flaming!
Pikel burns you.
You are too injured to fight recklessly!
You are too injured to fight recklessly!
Unknown command.
You claw Pikel! Pikel barely misses you.
You barely miss Pikel.
A lemure comes into view.
Pikel hits you with a +2 whip of flaming.
Pikel burns you.
* * * LOW HITPOINT WARNING * * *
You closely miss Pikel. Pikel barely misses you.
You barely miss Pikel.
Unknown command.
You claw Pikel! Pikel closely misses you.
You closely miss Pikel. Xom briefly touches your surroundings.
Pikel hits you with a +2 whip of flaming!
* * * LOW HITPOINT WARNING * * *
Pikel burns you.
* * * LOW HITPOINT WARNING * * *
You scratch Pikel but do no damage.
Pikel hits you with a +2 whip of flaming.
* * * LOW HITPOINT WARNING * * *
Pikel burns you.
* * * LOW HITPOINT WARNING * * *
You claw Pikel!
You are now a favourite toy of Xom.
Pikel hits you with a +2 whip of flaming.
* * * LOW HITPOINT WARNING * * *
Pikel burns you.
* * * LOW HITPOINT WARNING * * *
Unknown command.
You scratch Pikel. Pikel misses you.
Unknown command.
You scratch Pikel but do no damage.
Xom makes a sudden noise!
You hear a twanging sound.
Pikel barely misses you.
You closely miss Pikel.
Pikel hits you with a +2 whip of flaming.
You die...
Xom giggles madly!

Skill      XL: |  1  2  3  4  5  6 |
---------------+-------------------+-----
Dodging        | 3 4 |  4.0
Unarmed Combat | 4 5 6 |  6.1
Fighting       | 3 4 |  4.1
Throwing       | |  1.7

Action                   |  1- 3 |  4- 6 || total
-------------------------+-------+-------++-------
Melee: Unarmed           |    82 |   231 ||   313
       Punch             |       |     1 ||     1
Armor: Leather armour    |    17 |    43 ||    60
Dodge: Dodged            |    45 |   129 ||   174

Levels and vault maps discovered:
D:1:      dpeg_arrival_caged_fury, layout_loops_ring,
          ebering_ecumenical_altar_sacrificial, grunt_decor_arrowhead,
          minivault_26, minmay_strange_pillars, kennysheep_another_room,
          lexackson_kobold_supper
D:2:      layout_basic, serial_shops, nicolae_diamond_shop, shop, shop,
          nicolae_lakefront_shop, chequers_serial_rivers_small_3, uniq_terence
D:3:      layout_basic, nicolae_overflow_hidden_temple
D:4:      layout_basic, nicolae_dithmenos_the_darkroom,
          nicolae_gozag_zags_fifth_avenue, minmay_shop_damaged
D:5:      layout_loops_ring, slow_altar_2, uniq_pikel, uniq_crazy_yiuf_cottage

Notes
Turn   | Place    | Note
-------+----------+-------------------------------------------
     0 | D:1      | Sobieck the Ghoul Gladiator began the quest for the Orb.
     0 | D:1      | Reached XP level 1. HP: 17/17 MP: 0/0
     1 | D:1      | Found a runed translucent door.
     2 | D:1      | Noticed a jelly
   425 | D:1      | Reached XP level 2. HP: 25/25 MP: 1/1
   661 | D:1      | Found a faded altar of an unknown god.
   670 | D:1      | Became a worshipper of Xom of Chaos
   822 | D:1      | Reached skill level 3 in Dodging
   823 | D:1      | Reached XP level 3. HP: 27/30 MP: 2/2
   824 | D:1      | Reached skill level 4 in Unarmed Combat
  1007 | D:1      | XOM: divination: detect items
  1193 | D:1      | XOM: potion effect (brilliance)
  1208 | D:1      | Reached skill level 3 in Fighting
  1208 | D:1      | Reached XP level 4. HP: 22/38 MP: 3/3
  1420 | D:2      | Found Qasuku's Antique Weapon Boutique.
  1550 | D:2      | Noticed Terence
  1556 | D:2      | Killed Terence
  1557 | D:2      | Reached skill level 5 in Unarmed Combat
  1557 | D:2      | Reached XP level 5. HP: 32/45 MP: 4/4
  1708 | D:2      | Found Nuliepel's Antique Armour Boutique.
  1930 | D:2      | XOM is BORED!
  1930 | D:2      | XOM: silly message
  2054 | D:2      | Found Zekh's Distillery.
  2185 | D:2      | Found Saifaty's Assorted Antiques.
  2396 | D:3      | XOM: silly message
  2610 | D:3      | XOM: smoke on damage
  2750 | D:3      | XOM: silly message
  2901 | D:3      | XOM is BORED!
  2901 | D:3      | XOM: silly message
  2984 | D:3      | You pick up a book of Hexes and begin reading...
  2984 | D:3      | You add the spells Inner Flame, Cause Fear and Discord to
                  | your library.
  3221 | D:4      | HP: 10/46 [orc (2)]
  3370 | D:4      | XOM: scenery: 1 doors open
  3378 | D:4      | XOM: divination: detect creatures
  3491 | D:4      | Reached XP level 6. HP: 52/52 MP: 5/5
  3513 | D:4      | Found a shadowy altar of Dithmenos.
  3544 | D:4      | HP: 13/52 [gnoll (4)]
  3545 | D:4      | HP: 6/52 [gnoll (7)]
  3546 | D:4      | HP: 1/52 [goblin/stone (5)]
  3622 | D:4      | XOM: 1-stop teleportation journey
  3632 | D:4      | HP: 13/52 [howler monkey (2)]
  3716 | D:4      | Reached skill level 4 in Fighting
  3838 | D:4      | XOM: divination: magic mapping
  3932 | D:5      | Entered Level 5 of the Dungeon
  4062 | D:2      | Bought a dented beryl amulet for 105 gold pieces
  4198 | D:4      | Found an opulent altar of Gozag.
  4198 | D:4      | Found Gozag's Platinum Reserve.
  4454 | D:4      | Found Giad's Lightly-Used Armoury.
  4664 | D:4      | Reached skill level 4 in Dodging
  4664 | D:4      | Reached skill level 6 in Unarmed Combat
  4718 | D:4      | You pick up a book of the Dragon and begin reading...
  4735 | D:4      | XOM: noise
  4814 | D:5      | XOM: divination: magic mapping
  4824 | D:5      | XOM: scenery: summon butterflies
  4831 | D:5      | Noticed Pikel
  4842 | D:5      | XOM: scenery: summon butterflies
  4843 | D:5      | HP: 12/52 [Pikel (3)]
  4844 | D:5      | HP: 4/52 [Pikel (2)]
  4846 | D:5      | XOM: noise
  4847 | D:5      | Slain by Pikel

Vanquished Creatures
  2 howler monkeys (D:4)
  A hound (D:5)
  A jelly (D:1)
  Terence (D:2)
  3 gnolls (D:4)
  6 adders
  2 worms
  7 dart slugs
  4 orcs (D:4)
  3 ball pythons
  8 endoplasms
  7 giant cockroaches
  10 goblins
  9 hobgoblins
  8 jackals
  8 kobolds
  4 quokkas
  6 bats
  4 frilled lizards
  2 quokka skeletons (D:4)
  9 rats
105 creatures vanquished.

Vanquished Creatures (others)
  7 plants (D:1)
7 creatures vanquished.

Grand Total: 112 creatures vanquished

Table legend:
 A = Non-vault XP
 B = Vault XP
 C = Vault XP percentage of total XP
 D = Non-vault monster count
 E = Vault monster count
 F = Vault count percentage of total count
                 A         B        C        D         E       F
            +---------+---------+-------+---------+---------+-------
      Total |     412 |     124 |  23.1 |      78 |      27 |  25.7
            +---------+---------+-------+---------+---------+-------
        D:1 |      24 |      88 |  78.6 |      12 |      26 |  68.4
        D:2 |      78 |      36 |  31.6 |      27 |       1 |   3.6
        D:3 |      62 |       0 |   0.0 |      14 |       0 |   0.0
        D:4 |     202 |       0 |   0.0 |      24 |       0 |   0.0
        D:5 |      46 |       0 |   0.0 |       1 |       0 |   0.0
            +---------+---------+-------+---------+---------+-------

Illustrated notes

Table legend:
 A = Kills in this place as a percentage of kills in entire the game.
 B = Kills by you in this place as a percentage of kills by you in the entire game.
 C = Kills by friends in this place as a percentage of kills by friends in the entire game.
 D = Other kills in this place as a percentage of other kills in the entire game.
 E = Experience gained in this place as a percentage of experience gained in the entire game.
 F = Experience gained in this place divided by the number of levels of this place that you have seen.
                   A       B       C       D       E      F
               +-------+-------+-------+-------+-------+----------------------
         Total | 100.0 | 100.0 |   N/A |   N/A | 100.0 | 107.2
       Dungeon | 100.0 | 100.0 |   N/A |   N/A | 100.0 | 107.2
               +-------+-------+-------+-------+-------+----------------------

Table legend: (Time is in decaauts)
 A = Elapsed time spent in this place.
 B = Non-inter-level travel time spent in this place.
 C = Inter-level travel time spent in this place.
 D = Time resting spent in this place.
 E = Time spent auto-exploring this place.
 F = Levels seen in this place.
 G = Mean time per level.
                   A        B        C        D        E       F      G
               +--------+--------+--------+--------+--------+-----+--------+
         Total |   4825 |   4374 |    451 |    503 |   3273 |   5 |  965.0 |
       Dungeon |   4825 |   4374 |    451 |    503 |   3273 |   5 |  965.0 |
               +--------+--------+--------+--------+--------+-----+--------+

Top non-repeatable levels by time:
     D:4: 1420 daAuts
     D:2: 1343 daAuts
     D:1: 1119 daAuts
     D:3: 878 daAuts
     D:5: 64 daAuts
